 Dungeon Crawl Stone Soup version 0.24-a0-201-gf205589 (webtiles) character file.

Game seed: 13575091205458250421

11 Ivan the Grasshopper (level 2, -1/15 HPs)
             Began as a Vine Stalker Warper on Mar 24, 2019.
             Slain by a goblin (3 damage)
             ... on level 1 of the Dungeon.
             The game lasted 00:00:28 (72 turns).

Ivan the Grasshopper (Vine Stalker Warper)            Turns: 72, Time: 00:00:29

Health: -1/15      AC:  3    Str: 13    XL:     2   Next: 29%
Magic:  0/6        EV: 12    Int: 13    God:
Gold:   0          SH:  0    Dex: 13    Spells: 6/6 levels left

rFire    . . .     SeeInvis .   a - +0 mace
rCold    . . .     Gourm    .   (no shield)
rNeg     . . .     Faith    .   b - +0 leather armour
rPois    .         Spirit   +   (no helmet)
rElec    .         Reflect  .   (no cloak)
rCorr    .         Harm     .   (no gloves)
MR       .....                  (no boots)
Stlth    +.........             (no amulet)
HPRegen  0.05/turn              (no ring)
MPRegen  0.10/turn              (no ring)

@: no status effects
A: fangs 2, magic shield, antimagic bite, no potion heal 3, rot immunity
a: no special abilities


You were on level 1 of the Dungeon.
You were not hungry.

You visited 1 branch of the dungeon, and saw 1 of its levels.

Inventory:

Hand Weapons
 a - a +0 mace (weapon)
Missiles
 e - 5 tomahawks of dispersal (quivered)
Armour
 b - a +0 leather armour (worn)
Scrolls
 c - a scroll of enchant armour {unknown}
 d - a scroll of blinking
Comestibles
 f - a ration


   Skills:
 + Level 1.9 Fighting
 + Level 1.9 Maces & Flails
 + Level 0.8 Throwing
 + Level 1.0 Armour
 + Level 1.7 Dodging
 + Level 2.5 Spellcasting
   Level 3.0 Translocations


You had 6 spell levels left.
You didn't know any spells.
Your spell library contained the following spells:

 Spells                   Type           Power        Failure   Level  Hunger
 Blink                    Tloc           N/A          14%         2    ###....
 Shroud of Golubria       Chrm/Tloc      #.........   26%         2    ###....
 Gell's Gravitas          Tloc           #.........   26%         3    ###....
 Lesser Beckoning         Tloc           #.........   26%         3    ###....
 Teleport Other           Tloc           #.......     26%         3    ###....
 Passage of Golubria      Tloc           N/A          65%         4    #####..


Dungeon Overview and Level Annotations

Branches:
Dungeon (1/15)

Altars:


Innate Abilities, Weirdness & Mutations

You have extremely sharp teeth.
When hurt, damage is shared between your health and your magic reserves.
Your bite disrupts and absorbs the magic of your enemies.
Potions cannot restore your health.
You are immune to rotting.


Message History

The goblin closely misses you. The hobgoblin closely misses you.
The goblin closely misses you.
The hobgoblin hits you but does no damage.
You see here a +0 spear.
You barely miss the goblin. You bite the goblin. You drain its power.
You feel invigorated.
The goblin is severely wounded.
The goblin completely misses you. The hobgoblin barely misses you.
The goblin hits you but does no damage.
You barely miss the goblin.
The goblin is severely wounded.
The hobgoblin hits you but does no damage.
The goblin hits you.
* * * LOW HITPOINT WARNING * * *
You barely miss the goblin.
The goblin is severely wounded.
The hobgoblin hits you with a +0 club.
* * * LOW HITPOINT WARNING * * *
The goblin hits you.
You die...

# # ##### #. .(..# #..
....# #..### ##..#
#....# .#..#### #.#.##
.#.....# #.!..######
.#..##.# #.g@.......
.#(.##.## ##..g######
.#..##..# ##.##
.+..###.########.######
.#..#
#................#
.#..#
########.....###.# ##..
#......... #......##.
#......#


You could see a hobgoblin and a goblin.

Vanquished Creatures
  A gnoll (D:1)
  A hobgoblin (D:1)
2 creatures vanquished.

Notes
Turn   | Place    | Note
-------+----------+-------------------------------------------
     0 | D:1      | Ivan the Vine Stalker Warper began the quest for the Orb.
     0 | D:1      | Reached XP level 1. HP: 11/11 MP: 4/4
    68 | D:1      | Reached skill level 1 in Armour
    68 | D:1      | Reached XP level 2. HP: 5/15 MP: 1/6
    72 | D:1      | Slain by a goblin

Levels and vault maps discovered:
D:1:      lemuel_arrival_room, layout_loops_ring, dk_noncrumbling_4,
          minmay_small_reverse_x

Skill      XL: |  1 |
---------------+----+-----
Armour         | 1 |  1.0
Fighting       | |  1.9
Maces & Flails | |  1.9
Throwing       | |  0.8
Dodging        | |  1.7
Spellcasting   | |  2.5
Translocations | |  3.0

Action                   || total
-------------------------++-------
Melee: Mace              ||    15
       Bite              ||     4
Armor: Leather armour    ||     5
Dodge: Dodged            ||    17

Table legend:
 A = Non-vault XP
 B = Vault XP
 C = Vault XP percentage of total XP
 D = Non-vault monster count
 E = Vault monster count
 F = Vault count percentage of total count
                 A         B        C        D         E       F
            +---------+---------+-------+---------+---------+-------
      Total |      17 |       0 |   0.0 |       2 |       0 |   0.0
            +---------+---------+-------+---------+---------+-------
        D:1 |      17 |       0 |   0.0 |       2 |       0 |   0.0
            +---------+---------+-------+---------+---------+-------
